 Dungeon Crawl Stone Soup version 0.23-a0-163-g800ba1ec23 (webtiles) character file.

690 Napalmbreeze the Skirmisher (level 7, 0/72 HPs)
             Began as an Ogre Skald on Sept 9, 2018.
             Was a Follower of Qazlal.
             Slain by a gnoll shaman
             ... wielding a +0 whip
              (7 damage)
             ... on level 5 of the Dungeon.
             The game lasted 00:18:59 (5529 turns).

Napalmbreeze the Skirmisher (Ogre Skald)            Turns: 5529, Time: 00:19:00

Health: 0/72       AC:  5    Str: 16    XL:     7   Next: 63%
Magic:  0/14       EV: 10    Int: 15    God:    Qazlal [*.....]
Gold:   166        SH:  2    Dex:  9    Spells: 9/15 levels left

rFire    . . .     SeeInvis .   b - +3 spear
rCold    . . .     Gourm    .   (no shield)
rNeg     + . .     Faith    .   y - +2 robe {rN+}
rPois    .         Spirit   +   (helmet restricted)
rElec    .         Reflect  .   (no cloak)
rCorr    .         Harm     .   (gloves unavailable)
MR       .....                  (boots unavailable)
Stlth    ++........             n - amulet of guardian spirit
HPRegen  0.22/turn              i - ring of stealth
MPRegen  0.14/turn              (no ring)

@: slowed, very slow
A: large, unfitting armour, tough skin 1
a: Renounce Religion


You were on level 5 of the Dungeon.
You worshipped Qazlal.
Qazlal was aware of your devotion.
You were not hungry.

You visited 1 branch of the dungeon, and saw 5 of its levels.

You collected 166 gold pieces.

Inventory:

Hand Weapons
 b - a +3 spear (weapon)
 e - a +4 whip
Missiles
 k - 6 curare-tipped needles
Armour
 y - a +2 robe of positive energy (worn)
Jewellery
 i - a ring of stealth (left hand)
 n - an amulet of guardian spirit (around neck)
Wands
 v - a wand of flame (30)
 x - a wand of polymorph (12)
Scrolls
 a - a scroll of teleportation {unknown}
 c - 7 scrolls of identify {unknown}
 f - 2 scrolls of random uselessness {unknown}
 m - 5 scrolls of remove curse {unknown}
 p - a scroll of enchant armour {unknown}
 q - a scroll of noise {unknown}
 r - a scroll of enchant weapon {unknown}
 s - a scroll of blinking {unknown}
 u - 4 scrolls of amnesia {unknown}
Potions
 g - a potion of brilliance {unknown}
 h - 3 potions of mutation {unknown}
 j - a potion of curing
 l - a potion of degeneration {unknown}
 o - 3 potions of might {unknown}
 t - a potion of ambrosia {unknown}
 w - a potion of lignification {unknown}
Comestibles
 d - 12 rations


   Skills:
 + Level 5.3 Fighting
 - Level 4.7 Maces & Flails
 * Level 0.6 Polearms
 - Level 2.3 Dodging
 + Level 4.6 Spellcasting
 + Level 4.2 Charms


You had 9 spell levels left.
You knew the following spells:

 Your Spells              Type           Power        Failure   Level  Hunger
a - Infusion              Chrm           ###.         3%          1    None
d - Spectral Weapon       Hex/Chrm       #.......     22%         3    ###....
s - Song of Slaying       Chrm           ###.....     4%          2    ##.....

Your spell library contained the following spells:

 Spells                   Type           Power        Failure   Level  Hunger
 Shroud of Golubria       Chrm/Tloc      #.........   11%         2    ##.....
 Animate Skeleton         Necr           N/A          17%         1    None
 Apportation              Tloc           #.....       17%         1    None
 Confusing Touch          Hex            #.....       17%         1    None
 Corona                   Hex            #......      17%         1    None
 Summon Small Mammal      Summ           #...         17%         1    None
 Regeneration             Chrm/Necr      #.........   22%         3    ###....
 Ensorcelled Hibernation  Hex/Ice        #.....       26%         2    ##.....
 Confuse                  Hex            #.......     45%         3    ###....
 Dazzling Spray           Conj/Hex       #.....       45%         3    ###....
 Tukima's Dance           Hex            #.......     45%         3    ###....


Dungeon Overview and Level Annotations

Branches:
Dungeon (5/15)             Temple (0/1) D:4

Altars:
Qazlal
Ru
The Shining One


Innate Abilities, Weirdness & Mutations

You are too large for most types of armour.
You have tough skin. (AC +1)


Message History

Your song is almost over.
The orc wizard hits you but does no damage.
The orc wizard gestures wildly while chanting.
The orc wizard blinks!
The ogre barely misses you.
The orc wizard gestures at you while chanting.
The magic dart hits you!
* * * LOW HITPOINT WARNING * * *
The gnoll shaman barely misses you. The ogre hits you with a giant club!
* * * LOW HITPOINT WARNING * * *
Your song has ended.
The orc wizard closely misses you. The orc wizard barely misses you.
The gnoll shaman hits you but does no damage.
The orc wizard hits you but does no damage.
The orc wizard hits you with a dagger.
* * * LOW HITPOINT WARNING * * *
You feel better.
The orc wizard is no longer moving quickly.
The orc wizard mumbles some strange words.
The orc wizard blinks!
The gnoll shaman hits you with a whip!
You die...

###..........<..........###..#
##########....###...#.# #..#
####### ####.# #####.# ##.#
<.....###### #.# #.# #>#
#####......# #.# #.# ###
#......# #.# #.# ## #......#
#o# #.# .#
#......####.#######.#
.####.....#....g@.....[.#
....#####......§#########
....#..........O#
....#.####.....§# ....#.#
#......# ....#.# #......#
....#.####......#
....#...........#########
....######......))))....#


You could see an ogre, a gnoll shaman and an orc wizard.

Vanquished Creatures
  A phantom (D:4)
  A scorpion (D:4)
  2 hounds
  A centaur zombie (D:5)
  2 orc priests (D:5)
  An iguana (D:5)
  An orc wizard (D:3)
  3 worker ants
  A hound skeleton (D:4)
  A howler monkey zombie (D:4)
  A worker ant zombie (D:5)
  5 gnolls
  6 adders
  A shadow imp (D:5)
  3 oozes
  An adder skeleton (D:5)
  An adder zombie (D:5)
  A worm (D:4)
  A leopard gecko (D:5)
  11 orcs
  2 ball pythons (D:2)
  9 bats
  10 giant cockroaches
  10 goblins
  3 hobgoblins
  5 jackals
  12 kobolds
  2 quokkas
  3 frilled lizards
  A goblin skeleton (D:5)
  A goblin zombie (D:5)
  2 hobgoblin zombies (D:5)
  2 kobold skeletons (D:5)
  2 kobold zombies (D:5)
  2 orc zombies (D:5)
  5 rats
116 creatures vanquished.

Vanquished Creatures (others)
  A spectral weapon (D:5)
1 creature vanquished.

Grand Total: 117 creatures vanquished

Notes
Turn   | Place    | Note
-------+----------+-------------------------------------------
     0 | D:1      | Napalmbreeze the Ogre Skald began the quest for the Orb.
     0 | D:1      | Reached XP level 1. HP: 22/22 MP: 3/3
   267 | D:1      | Reached XP level 2. HP: 24/29 MP: 5/5
   536 | D:1      | Reached skill level 3 in Fighting
   750 | D:1      | Reached XP level 3. HP: 22/37 MP: 2/7
  1436 | D:1      | Learned a level 2 spell: Song of Slaying
  1440 | D:1      | Learned a level 3 spell: Spectral Weapon
  1792 | D:2      | Reached XP level 4. HP: 44/45 MP: 3/8
  3186 | D:4      | Reached XP level 5. HP: 48/54 MP: 8/10
  3464 | D:4      | Found a stormy altar of Qazlal.
  3481 | D:4      | Became a worshipper of Qazlal Stormbringer
  3488 | D:4      | Noticed a phantom
  3509 | D:4      | Killed a phantom
  3509 | D:4      | Reached skill level 4 in Fighting
  3509 | D:4      | Reached XP level 6. HP: 40/62 MP: 1/11
  4049 | D:4      | Found a staircase to the Ecumenical Temple.
  4166 | D:5      | Entered Level 5 of the Dungeon
  4226 | D:5      | Reached XP level 7. HP: 16/71 MP: 0/13
  4602 | D:5      | Reached * piety under Qazlal
  4853 | D:5      | Found a glowing golden altar of the Shining One.
  4868 | D:5      | Reached skill level 5 in Fighting
  5020 | D:5      | Found a sacrificial altar of Ru.
  5528 | D:5      | HP: 1/72 [orc wizard/dagger (4)]
  5529 | D:5      | Slain by a gnoll shaman

Vault maps used:
D:1:      enne_arrival_octagon_isle
D:2:      hex_tiny
D:4:      minmay_temple_entry_glassed_door, first_ration, grunt_qazlal_clouds
D:5:      nicolae_ru_awakened_eye, nicolae_tso_besieged_by_evil

Skill      XL: |  1  2  3  4  5  6  7 |
---------------+----------------------+-----
Maces & Flails | 2 3 4 |  4.7
Fighting       | 3 4 5 |  5.3
Charms         | 3 4 |  4.2
Spellcasting   | 3 4 |  4.6
Polearms       | |  0.6
Dodging        | |  2.3

Action                   |  1- 3 |  4- 6 |  7- 9 || total
-------------------------+-------+-------+-------++-------
Melee: Mace              |    11 |       |       ||    11
       Whip              |    81 |   191 |   115 ||   387
       Spear             |       |       |     8 ||     8
 Cast: Infusion          |     2 |     4 |     4 ||    10
       Song of Slaying   |       |     2 |     4 ||     6
       Spectral Weapon   |       |       |     2 ||     2
  Use: Potion            |       |       |     1 ||     1
 Stab: Sleeping          |       |     7 |       ||     7
  Eat: Chunk             |     3 |     8 |     4 ||    15
Armor: Robe              |    24 |    47 |    22 ||    93
Dodge: Dodged            |    49 |    90 |    61 ||   200
Block: Other             |       |       |     7 ||     7

Table legend:
 A = Non-vault XP
 B = Vault XP
 C = Vault XP percentage of total XP
 D = Non-vault monster count
 E = Vault monster count
 F = Vault count percentage of total count
                 A         B        C        D         E       F
            +---------+---------+-------+---------+---------+-------
      Total |     965 |      22 |   2.2 |     105 |      11 |   9.5
            +---------+---------+-------+---------+---------+-------
        D:1 |      55 |       0 |   0.0 |      24 |       0 |   0.0
        D:2 |      45 |       0 |   0.0 |      16 |       0 |   0.0
        D:3 |      78 |       0 |   0.0 |      23 |       0 |   0.0
        D:4 |     404 |       0 |   0.0 |      17 |       0 |   0.0
        D:5 |     383 |      22 |   5.4 |      25 |      11 |  30.6
            +---------+---------+-------+---------+---------+-------
